AoeStats
← oioi55669

Arena

510290611Analyzed
4v4 RM · 1d ago on Sep 30, 2026· 40m 3s· 8 players
Game mode
Random Map
Map size
Large (8 player)
Population
200
Speed
Normal
Resources
Standard
Victory
Conquest
Starting age
Dark Age
Ending age
Imperial Age
RankedLock teamsTeams togetherTeam positionsShared explorationLock speedFull tech treeHidden civsTurbo modeCheats
Victory
Defeat
🇹🇼 Italians · Taiwan
1269
+10
🇹🇼 Varangians · Taiwan
1209
+12
🇹🇼 Teutons · Taiwan
1173
+14
🇹🇼 Burgundians · Taiwan
1165
+15
🇦🇺 Danes · Australia
1184
-14
🇦🇺 Goths · Australia
1133
-13
🇦🇺 Romans · Australia
1130
-13
🇦🇺 Japanese · Australia
1079
-11
lamp
10:49 Feudal Age
11:28 Double-Bit Axe
14:18 Castle Age
12:30 Horse Collar
15:10 Bow Saw
15:16 Heavy Plow
20:13 Wheelbarrow
21:11 Gold Mining
21:47 Hand Cart
23:04 Gold Shaft Mining
24:26 Stone Mining
28:11 Imperial Age
26:29 Forging
26:19 Scale Mail Armor
26:59 Stone Shaft Mining
28:15 Iron Casting
27:51 Gambesons
28:07 Squires
27:53 Arson
29:16 Siege Engineers
28:37 Elite Varangian Guard
29:50 Chain Mail Armor
30:54 Pikeman
31:05 Capped Ram
31:43 Halberdier
32:00 Hamask
33:01 Conscription
32:32 Northmen's Fury
34:00 Plate Mail Armor
34:31 Blast Furnace
Killed by Tony
11:13 Feudal Age
10:59 Loom
16:16 Castle Age
19:59 Fletching
21:33 Loom
28:25 Double-Bit Axe
28:26 Horse Collar
31:28 Bow Saw
33:30 Wheelbarrow
34:40 Gold Mining
35:56 Heavy Plow
37:10 Hand Cart
40:15 Imperial Age
38:30 Town Watch
39:54 Ballistics
johnnychallitasteam1995
10:59 Feudal Age
15:33 Castle Age
13:22 Double-Bit Axe
20:41 Horse Collar
22:04 Bow Saw
23:01 Stone Mining
25:06 Wheelbarrow
24:45 Gold Mining
25:52 Loom
30:37 Imperial Age
27:50 Pikeman
28:30 Squires
28:34 Scale Mail Armor
28:45 Forging
31:23 Perfusion
31:23 Anarchy
30:46 Halberdier
34:08 Chemistry
35:49 Chain Mail Armor
Nick
10:43 Feudal Age
14:46 Castle Age
13:19 Double-Bit Axe
13:53 Loom
15:10 Gold Mining
16:19 Fletching
23:05 Gold Shaft Mining
22:23 Stone Mining
23:09 Gold Shaft Mining
23:24 Bow Saw
23:29 Bodkin Arrow
24:39 Pikeman
26:56 Squires
30:09 Gambesons
oioi55669
10:29 Feudal Age
14:18 Castle Age
12:31 Double-Bit Axe
12:53 Horse Collar
15:41 Bow Saw
15:53 Loom
21:00 Wheelbarrow
20:11 Loom
22:24 Gold Mining
23:46 Hand Cart
29:27 Imperial Age
27:58 Forging
27:53 Scale Barding Armor
27:58 Forging
27:53 Scale Barding Armor
27:47 Stone Mining
27:32 Vendel Legacy
28:05 Treadmill Crane
29:40 Heavy Plow
29:52 Husbandry
30:03 Bloodlines
30:33 Iron Casting
30:18 Chain Barding Armor
30:33 Iron Casting
30:18 Chain Barding Armor
29:57 Cavalier
31:04 Conscription
31:40 Plate Barding Armor
33:18 Blast Furnace
34:08 Elite Jarl
36:23 Ballistics
38:16 Siege Engineers
39:12 Chemistry
39:49 Caravan
古特
5:42 Loom
10:37 Feudal Age
11:59 Double-Bit Axe
15:16 Castle Age
16:49 Bow Saw
17:22 Fletching
26:54 Imperial Age
27:33 Bodkin Arrow
31:08 Chemistry
30:46 Bracer
31:48 Padded Archer Armor
32:28 Ballistics
32:54 Bow Saw
33:25 Leather Archer Armor
35:00 Wheelbarrow
35:42 Horse Collar
SBZ
6:54 Loom
9:09 Feudal Age
12:43 Fletching
16:35 Town Watch
25:12 Castle Age
27:31 Horse Collar
28:20 Double-Bit Axe
29:49 Wheelbarrow
29:54 Bow Saw
31:32 Hand Cart
31:44 Hand Cart
33:01 Gold Mining
33:40 Scale Mail Armor
33:50 Forging
36:37 Imperial Age
35:03 Chain Mail Armor
35:38 Ballistics
35:49 Heavy Plow
36:38 Iron Casting
36:03 Pikeman
36:43 Squires
38:24 Chemistry
37:58 Plate Mail Armor
38:28 Blast Furnace
38:53 Two-Man Saw
37:18 Halberdier
39:15 Caravan
39:46 Coinage
bubu09
9:45 Double-Bit Axe
12:08 Feudal Age
15:56 Castle Age
13:42 Horse Collar
14:38 Bow Saw
17:28 Gold Mining
18:35 Husbandry
18:51 Cavalier
22:29 Scale Barding Armor
24:12 Gold Shaft Mining
26:45 Two-Man Saw
25:49 Heavy Plow
28:01 Wheelbarrow
30:29 Forging
33:40 Iron Casting
35:55 Imperial Age
33:41 Squires
35:42 Loom
36:14 Burgundian Vineyards
37:09 Conscription
38:02 Chemistry
38:27 Hand Cart
40:37 Blast Furnace
39:40 Scale Mail Armor
40:00 Chain Barding Armor
Connection lost

Rejoining the realm…

Still unreachable

The connection could not be restored.

Session expired

The server has moved on; the page needs a fresh start.